 Dungeon Crawl Stone Soup version 0.18.1-48-g4cf74bf (webtiles) character file.

109 Alarkh the Poker (level 4, -4/33 HPs)
             Began as a Mummy Skald on July 25, 2016.
             Killed from afar by an orc wizard (6 damage)
             ... with a magic dart
             ... on level 3 of the Dungeon.
             The game lasted 00:03:30 (2317 turns).

Alarkh the Poker (Mummy Skald)                      Turns: 2317, Time: 00:03:31

Health: -4/33      AC:  5    Str: 15    XL:     4   Next: 59%
Magic:  7/7        EV: 12    Int: 12    God:
Gold:   105        SH:  0    Dex: 11    Spells: 3 memorised, 1 level left

rFire  x . .     SeeInvis .     q - +0 halberd
rCold  + . .     Gourm    .     b - +0 leather armour
rNeg   + + +     Faith    .     (shield currently unavailable)
rPois  ∞         Spirit   .     (no helmet)
rElec  .         Dismiss  .     k - +0 cloak
rCorr  .         Reflect  .     i - +0 pair of gloves
SustAt .         Harm     .     (no boots)
MR     .....     Rnd*Tele +     (no amulet)
Stlth  +.........               d - ring of teleportation (curse)
                                f - +1 ring of evasion

@: not resistant to hostile enchantments, very unstealthy
A: no food or potions, fire vulnerability, cold resistance 1, negative energy
resistance 3, torment resistance, unbreathing
a: no special abilities


You were on level 3 of the Dungeon.
You were not hungry.

You visited 1 branch of the dungeon, and saw 3 of its levels.

You collected 105 gold pieces.

Inventory:

Hand Weapons
 a - a +0 spear
 q - a +0 halberd (weapon)
Missiles
 p - a throwing net (quivered)
Armour
 b - a +0 leather armour (worn)
 i - a +0 pair of gloves (worn)
 k - a +0 cloak (worn)
Jewellery
 d - a cursed ring of teleportation (right hand)
 f - a +1 ring of evasion (left hand)
Wands
 e - a wand of digging (7/24)
Scrolls
 g - 2 scrolls of magic mapping
 j - a scroll of recharging {unknown}
 l - a scroll of enchant weapon {unknown}
 n - a scroll of noise {unknown}
Books
 c - a book of Battle

   Spells                             Type                      Level
   a - Infusion                       Charms                       1
   b - Shroud of Golubria             Charms/Translocation         2
   c - Song of Slaying                Charms                       2
   d - Spectral Weapon                Hexes/Charms                 3
   e - Regeneration                   Charms/Necromancy            3
 o - a book of Burglary

   Spells                             Type                      Level
   a - Swiftness                      Charms/Air                   2
   b - Passwall                       Transmutation/Earth          2
   c - Passage of Golubria            Translocation                4
   d - Lee's Rapid Deconstruction     Earth                        5
   e - Darkness                       Hexes                        6
   f - Invisibility                   Hexes                        6
Miscellaneous
 m - a plain deck of defence {the Shaft}


   Skills:
 - Level 2.0 Fighting
 + Level 4.0 Polearms
 - Level 0.7 Armour
 - Level 0.7 Dodging
 - Level 2.0 Spellcasting
 - Level 2.4 Charms


You had one spell level left.
You knew the following spells:

 Your Spells              Type           Power        Failure   Level  Hunger
a - Infusion              Chrm           #...         14%         1    N/A
b - Shroud of Golubria    Chrm/Tloc      #.........   34%         2    N/A
c - Spectral Weapon       Hex/Chrm       #.......     69%         3    N/A

Dungeon Overview and Level Annotations

Branches:
Dungeon (3/15)

Altars:
Nemelex Xobeh
Pakellas
Zin


Innate Abilities, Weirdness & Mutations

You do not eat or drink.
Your flesh is vulnerable to fire.
You are immune to poison.
Your flesh is cold resistant.
You are immune to negative energy.
You are immune to unholy pain and torment.
You can survive without breathing.


Message History

* * * LOW HITPOINT WARNING * * *
You hit the orc wizard.
The orc wizard is severely wounded.
The orc wizard hits you but does no damage.
The orc wizard casts a spell at you. The puff of frost hits you! You resist.
* * * LOW HITPOINT WARNING * * *
Read which item? (? for menu, Esc to quit)
As you read the scroll of fear, it crumbles to dust.
You assume a fearsome visage.
The orc wizard looks frightened! x2
The giant newt looks frightened!
The orc wizard casts a spell.
The orc wizard flickers and vanishes!
Deactivating autopickup; reactivate with Ctrl-A.
The orc wizard casts a spell.
The orc wizard flickers and vanishes!
You see here 14 stones.
A magic dart appears from out of thin air!
The magic dart hits you!
You die...

.. #..#####.#
...####.#####.#
...........##.#
...........##.#
##.........##.# ##########
#######..###.#####........#
##l# #..............# #.#
#..............#
#o###.@.[..........#
#..##(#####........#
##.##.# #........# #.##.#
#........# ###.##.#
#........#
#......##############
#.............#
#....{........##
#.....l........#


There were no monsters in sight!

Vanquished Creatures
  Terence (D:2)
  3 gnolls (D:3)
  An ooze (D:2)
  3 worms
  A dart slug (D:1)
  3 orcs
  3 bats
  3 giant cockroaches
  4 goblins
  2 hobgoblins (D:2)
  3 quokkas (D:2)
  A ball python (D:3)
  2 giant newts
  4 kobolds
  5 rats (D:2)
39 creatures vanquished.

Notes
Turn   | Place    | Note
--------------------------------------------------------------
     0 | D:1      | Alarkh the Mummy Skald began the quest for the Orb.
     0 | D:1      | Reached XP level 1. HP: 16/16 MP: 3/3
   278 | D:1      | Reached skill level 2 in Polearms
   723 | D:2      | Reached XP level 2. HP: 13/22 MP: 0/5
  1021 | D:2      | Noticed Terence
  1370 | D:2      | Reached XP level 3. HP: 27/27 MP: 0/6
  1436 | D:2      | Found an oddly glowing altar of Pakellas.
  1436 | D:2      | Found a glowing silver altar of Zin.
  1493 | D:2      | Killed Terence
  1493 | D:2      | Reached skill level 3 in Polearms
  1625 | D:2      | Found a sparkling altar of Nemelex Xobeh.
  1659 | D:2      | Reached XP level 4. HP: 22/33 MP: 2/7
  2022 | D:2      | Learned a level 2 spell: Shroud of Golubria
  2026 | D:2      | Learned a level 3 spell: Spectral Weapon
  2090 | D:3      | Reached skill level 4 in Polearms
  2317 | D:3      | Killed from afar by an orc wizard

Skill      XL: |  1  2  3  4 |
---------------+-------------+-----
Polearms       | 2 3 4 |  4.0
Fighting       | |  2.0
Armour         | |  0.7
Dodging        | |  0.7
Spellcasting   | |  2.0
Charms         | |  2.4

Action                   |  1- 3 |  4- 6 || total
-------------------------+-------+-------++-------
Melee: Spear             |   109 |    32 ||   141
       Halberd           |       |    20 ||    20
 Cast: Infusion          |    17 |     5 ||    22
       Shroud of Golubri |       |     1 ||     1
       Spectral Weapon   |       |     1 ||     1
  Use: Scroll            |     3 |     3 ||     6
Armor: Leather armour    |    27 |    18 ||    45
Dodge: Dodged            |    53 |    39 ||    92
